 Dungeon Crawl Stone Soup version 0.25-a0-707-g603da076d2 (webtiles) character file.

Game seed: 11345028721710326310, levelgen mode: deterministic

510 kae the Ruffian (level 6, -2/47 HPs)
             Began as a Draconian Transmuter on Apr 4, 2020.
             Succumbed to an orc wizard's poison
             ... on level 6 of the Dungeon.
             The game lasted 00:03:15 (4528 turns).

kae the Ruffian (Draconian Transmuter)              Turns: 4528, Time: 00:03:15

Health: -2/47      AC:  6    Str: 14    XL:     6   Next: 98%
Magic:  11/11      EV: 11    Int: 13    God:
Gold:   199        SH:  0    Dex: 12    Spells: 2/12 levels left

rFire    . . .     SeeInvis .     - Unarmed
rCold    . . .     Gourm    .   (no shield)
rNeg     . . .     Faith    .   (armour unavailable)
rPois    .         Spirit   .   (helmet restricted)
rElec    .         Reflect  .   f - scarf {repulsion}
rCorr    .         Harm     .   (no gloves)
MR       .....                  (no boots)
Stlth    +.........             (no amulet)
HPRegen  0.15/turn              i - ring of flight
MPRegen  0.12/turn              (no ring)

@: lethally poisoned (-2 -> -40), very heavily drained, repel missiles
A: unfitting armour, cold-blooded, AC +6
a: Evoke Flight


You were on level 6 of the Dungeon.
You were not hungry.

You visited 1 branch of the dungeon, and saw 5 of its levels.

You collected 199 gold pieces.

Inventory:

Missiles
 a - 91 arrows
Armour
 f - a scarf of repulsion (worn)
Jewellery
 i - a ring of flight (left hand)
 o - an uncursed ring of resist corrosion {unknown}
 p - an uncursed ring of poison resistance {unknown}
Scrolls
 d - a scroll of fear
 e - 5 scrolls of identify
 g - a scroll of enchant weapon {unknown}
 j - a scroll of blinking {unknown}
 l - 2 scrolls of amnesia
 m - 2 scrolls of remove curse {unknown}
Potions
 b - a potion of magic {unknown}
 h - a potion of heal wounds
 k - 2 potions of mutation {unknown}
 n - a potion of curing {unknown}
 q - a potion of stabbing {unknown}
 r - 2 potions of cancellation {unknown}
Comestibles
 c - 3 rations
 s - 2 chunks of flesh


   Skills:
 - Level 1.1(0.0) Fighting
 - Level 1.7(0.0) Dodging
 * Level 6.0(2.8) Unarmed Combat
 + Level 3.8(0.8) Spellcasting
 + Level 4.1(1.1) Transmutations


You had 2 spell levels left.
You knew the following spells:

 Your Spells              Type           Power        Failure   Level  Hunger
a - Beastly Appendage     Tmut           #.....       19%         1    ##.....
b - Sticks to Snakes      Tmut           #.......     28%         2    ###....
c - Spider Form           Tmut/Pois      #.........   56%         3    ####...
d - Ice Form              Ice/Tmut       #.......     92%         4    #####..

Your spell library contained the following spells:

 Spells                   Type           Power        Failure   Level  Hunger
 Blade Hands              Tmut           #.........   99%         5    ######.


Dungeon Overview and Level Annotations

Branches:
Dungeon (6/15)
 Temple: D:4-7

Altars:
Dithmenos
Fedhas


Innate Abilities, Weirdness & Mutations

Your plain brown scales are hard. (AC +6)
You cannot fit into any form of body armour.
You are cold-blooded and may be slowed by cold attacks.


Message History

The orc wizard casts a spell at you. The puff of frost misses you.
You closely miss the orc wizard.
Your tail-slap misses the orc wizard.
The orc wizard is heavily wounded.
* * * LOW HITPOINT WARNING * * *
You feel very sick. The orc wizard closely misses you.
You barely miss the orc wizard.
The orc wizard is heavily wounded.
* * * LOW HITPOINT WARNING * * *
You feel very sick. The orc wizard closely misses you.
You closely miss the orc wizard.
Your tail-slap misses the orc wizard.
The orc wizard is heavily wounded.
* * * LOW HITPOINT WARNING * * *
You feel very sick. The orc wizard barely misses you.
You barely miss the orc wizard. You tail-slap the orc wizard.
The orc wizard is severely wounded.
You die...

### +.. #.# . #.#
..# #.# .. #.#
#.########.##
#.#<..#(......#
#....o@.###.#.##
###......##.#..#
######+##.##.#####.
.....^............
.....#.#...####.#
... #.#.#.# .
#.#.#.####.##
#.#.#... ...#
#.#.#..# #..#


You could see an orc wizard.

Vanquished Creatures
  A centaur (D:6)
  4 wights
  A bullfrog skeleton (D:3)
  Natasha (thrice) (D:2)
  A worker ant (D:3)
  3 adders
  A worm (D:5)
  4 dart slugs
  3 leopard geckos
  2 orcs (D:6)
  4 giant cockroaches
  7 goblins
  8 hobgoblins
  12 jackals
  2 quokkas (D:3)
  A ball python (D:2)
  11 bats
  7 frilled lizards
  4 kobolds
  2 rats
  A fungus (D:3)
82 creatures vanquished.

Vanquished Creatures (collateral kills)
  A worker ant (D:2)
  An adder (D:3)
  A frilled lizard (D:1)
3 creatures vanquished.

Grand Total: 85 creatures vanquished

Notes
Turn   | Place    | Note
-------+----------+-------------------------------------------
     0 | D:1      | kae the Draconian Transmuter began the quest for the Orb.
     0 | D:1      | Reached XP level 1. HP: 16/16 MP: 3/3
    94 | D:1      | Reached XP level 2. HP: 10/23 MP: 1/5
   238 | D:1      | Learned a level 2 spell: Sticks to Snakes
  1328 | D:2      | Reached XP level 3. HP: 28/28 MP: 4/6
  1409 | D:2      | Reached skill level 4 in Unarmed Combat
  1666 | D:2      | Reached XP level 4. HP: 34/35 MP: 5/7
  2042 | D:2      | Found a shadowy altar of Dithmenos.
  2046 | D:2      | Noticed Natasha
  2058 | D:2      | Killed Natasha
  2212 | D:2      | Noticed Natasha
  2224 | D:2      | Killed Natasha
  2224 | D:2      | Reached XP level 5. HP: 17/40 MP: 7/9
  2401 | D:2      | Learned a level 3 spell: Spider Form
  2523 | D:2      | Noticed Natasha
  2533 | D:2      | Killed Natasha
  2716 | D:3      | Found a blossoming altar of Fedhas.
  2815 | D:3      | Reached skill level 5 in Unarmed Combat
  3320 | D:3      | Reached XP level 6. HP: 35/47 MP: 4/11
  4192 | D:3      | You fall into a shaft and drop 3 floors!
  4229 | D:6      | Reached skill level 6 in Unarmed Combat
  4299 | D:5      | Entered Level 5 of the Dungeon
  4462 | D:6      | Learned a level 4 spell: Ice Form
  4527 | D:6      | HP: 1/47 [poisoned by an orc wizard]
  4528 | D:6      | Succumbed to an orc wizard's poison

Levels and vault maps discovered:
D:1:      dpeg_arrival_stone_temple_mockup, layout_loops_ring,
          chequers_serial_rivers_small_a
D:2:      layout_rooms, nicolae_dithmenos_shadow_blocks, uniq_natasha
D:3:      layout_basic, fedhas_altar_3
D:5:      layout_rooms
D:6:      layout_basic, uniq_blork_the_orc, uniq_maggie

Skill      XL: |  1  2  3  4  5  6 |
---------------+-------------------+-----
Unarmed Combat | 4 5 6 |  6.0
Transmutations | 3 4 |  4.1
Spellcasting   | 3 |  3.8
Fighting       | |  1.1
Dodging        | |  1.7

Action                   |  1- 3 |  4- 6 || total
-------------------------+-------+-------++-------
Melee: Unarmed           |   102 |   267 ||   369
       Tailslap          |    12 |    27 ||    39
       Headbutt          |     2 |    10 ||    12
       Kick              |     5 |     9 ||    14
       Punch             |       |     3 ||     3
 Cast: Beastly Appendage |    19 |    17 ||    36
       Sticks to Snakes  |     3 |     5 ||     8
       Spider Form       |       |     9 ||     9
  Use: Scroll            |     5 |       ||     5
       Potion            |       |     1 ||     1
 Stab: Distracted        |       |     1 ||     1
       Sleeping          |       |     1 ||     1
  Eat: Chunk             |     3 |     9 ||    12
       Ration            |       |     1 ||     1
Armor: Skin              |    48 |    64 ||   112
Dodge: Dodged            |    80 |   173 ||   253
       Deflected         |       |     4 ||     4

Table legend:
 A = Non-vault XP
 B = Vault XP
 C = Vault XP percentage of total XP
 D = Non-vault monster count
 E = Vault monster count
 F = Vault count percentage of total count
                 A         B        C        D         E       F
            +---------+---------+-------+---------+---------+-------
      Total |     694 |      35 |   4.8 |      83 |       1 |   1.2
            +---------+---------+-------+---------+---------+-------
        D:1 |      38 |       0 |   0.0 |      22 |       0 |   0.0
        D:2 |     273 |      35 |  11.4 |      32 |       1 |   3.0
        D:3 |     262 |       0 |   0.0 |      25 |       0 |   0.0
        D:5 |       5 |       0 |   0.0 |       1 |       0 |   0.0
        D:6 |     116 |       0 |   0.0 |       3 |       0 |   0.0
            +---------+---------+-------+---------+---------+-------
